Description

ghhhhhhhhhhhhhhhhhh

Replay - cure v seRRal: Game 2 - Lightshade LE

Build Order

Get SALT Encoding   

  12  0:00  Drone  
  13  0:12  Overlord  
  13  0:17  Drone  
  14  0:30  Drone x2  
  16  0:48  Hatchery  
  15  0:51  Drone x2  
  17  0:58  Drone  
  18  1:09  Extractor  
  17  1:13  Spawning Pool  
  17  1:17  Drone x2  
  18  1:28  Drone  
  21  2:00  Queen x2  
  21  2:01  Zergling x4  
  27  2:11  Overlord  
  28  2:24  Hatchery  
  28  2:35  Spore Crawler  
  28  2:40  Metabolic Boost  
  31  2:47  Queen  
  33  2:52  Overlord  
  41  3:15  Overlord  
  41  3:21  Queen  
  44  3:32  Overlord  
  44  3:33  Queen x2  
  49  3:44  Zergling x6  
  59  4:03  Zergling x2  
  62  4:11  Queen  
  63  4:23  Queen  
  67  4:29  Lair  
  67  4:31  Extractor, Zergling x6  
  69  4:38  Baneling Nest  
  71  4:47  Queen  
  71  4:50  Spore Crawler  
  74  4:55  Zergling x2  
  78  5:03  Spore Crawler x2  
  76  5:13  Hatchery  
  81  5:25  Extractor  
  81  5:30  Overseer  
  86  5:38  Overseer  
  91  5:45  Evolution Chamber x2  
  93  5:52  Centrifical Hooks  
  96  6:15  Zerg Melee Weapons Level 1  
  103  6:26  Extractor x2  
  103  6:27  Zerg Ground Armor Level 1  
  105  6:37  Queen  
  108  6:44  Spore Crawler  
  108  6:47  Baneling x8  
  120  7:14  Pneumatized Carapace  
  120  7:15  Hatchery  
  124  7:16  Overseer  
  124  7:17  Baneling x2  
  136  7:30  Hatchery  
  141  7:50  Hatchery  
  142  7:51  Infestation Pit  
  142  7:55  Overseer x2  
  145  8:19  Extractor x2  
  153  8:27  Hydralisk Den  
  155  8:34  Hive  
  156  8:45  Zerg Melee Weapons Level 2, Zerg Ground Armor Level 2  
  147  9:18  Burrow  
  147  9:21  Lurker Den, Extractor  
  162  9:46  Spore Crawler  
  165  9:54  Muscular Augments  
Spawning Tool Build Advisor. Get it on Overwolf

Go to:

Details

  • Created by: asdasdasdasd
  • Published on: Apr 25, 2021
  • Modified on: Apr 25, 2021
  • Patch: 4.11.0
  • Difficulty: Easy
Show
View Real Time Build Order
Export as new Build Order

Comments (0)

There are no comments. Be the first!

Create an account to comment!